 Dungeon Crawl Stone Soup version 0.18.1-8-gdd0e5ea (webtiles) character file.

180 Kzard the Skirmisher (level 5, -1/51 HPs)
             Began as a Minotaur Berserker on June 2, 2016.
             Was a Believer of Trog.
             Slain by Grinder (10 damage)
             ... on level 3 of the Dungeon.
             The game lasted 00:11:48 (3254 turns).

Kzard the Skirmisher (Minotaur Berserker)           Turns: 3254, Time: 00:11:48

Health: -1/51      AC:  2    Str: 21    XL:     5   Next: 33%
Magic:  4/4        EV: 12    Int:  5    God:    Trog [**....]
Gold:   171        SH:  0    Dex: 10    Spells: 0 memorised, 4 levels left

rFire  . . .     SeeInvis .     a - +0 hand axe
rCold  . . .     Gourm    .     b - +0 animal skin
rNeg   . . .     Faith    .     (no shield)
rPois  .         Spirit   .     (helmet restricted)
rElec  .         Dismiss  .     (no cloak)
rCorr  .         Reflect  .     (no gloves)
SustAt .         Harm     .     (no boots)
MR     .....                    (no amulet)
Stlth  +.........               (no ring)
                                (no ring)

@: exhausted, slowed, very slow, not resistant to hostile enchantments, very
unstealthy
A: retaliatory headbutt, horns 2
a: Berserk, Trog's Hand, Burn Spellbooks, Renounce Religion


You were on level 3 of the Dungeon.
You worshipped Trog.
Trog was pleased with you.
You were very hungry.

You visited 1 branch of the dungeon, and saw 3 of its levels.

You collected 171 gold pieces.

Inventory:

Hand Weapons
 a - a +0 hand axe (weapon)
Missiles
 g - 137 stones (quivered)
Armour
 b - a +0 animal skin (worn)
Scrolls
 d - a scroll of teleportation
 e - a scroll of enchant armour {unknown}
 f - 2 scrolls of identify
 m - a scroll of random uselessness {unknown}
Potions
 h - a potion of degeneration {unknown}
 i - 2 potions of experience {unknown}
 l - a potion of agility {unknown}
Comestibles
 c - 4 bread rations
 j - 3 fruits


   Skills:
 * Level 6.5 Fighting
 - Level 3.7 Axes
 + Level 4.0 Armour
 - Level 2.1 Dodging


You had 4 spell levels left.
You didn't know any spells.

Dungeon Overview and Level Annotations

Branches:
Dungeon (3/15)

Altars:
Cheibriados
Gozag
Nemelex Xobeh
Trog
Vehumet

Annotations:
D:3 Grinder


Innate Abilities, Weirdness & Mutations

You reflexively headbutt those who attack you in melee.
You have a pair of horns on your head.


Message History

You slash Grinder!
Grinder is heavily wounded.
Grinder hits you. Grinder hits you!
You slash Grinder!
Grinder is severely wounded.
Grinder hits you.
You writhe in agony.
Grinder closely misses you.
You closely miss Grinder.
Grinder is severely wounded.
Grinder hits you.
You hit Grinder.
Grinder is severely wounded.
Grinder hits you.
You writhe in agony.
Grinder hits you!
* * * LOW HITPOINT WARNING * * *
You writhe in agony.
* * * LOW HITPOINT WARNING * * *
You hit Grinder.
Grinder is almost dead.
Grinder misses you. You furiously retaliate!
You headbutt Grinder. Grinder hits you!
You die...

###.......##...
####............#
#....#####.####...
##.#######.####...
#.####.........(.
######...##.##...####.
#....)<....?####)# ##.
#....))....## #.###..
#....@5....# #.#....
#...........# #......
#.........#.# ##.....
#......$..#..# ####..
#.........# ...# #....
#.........# #...#....
#.........# #>.....
#######.### ###.>..
##...


You could see Grinder.

Vanquished Creatures
  An orc priest (D:3)
  An orc wizard (D:3)
  3 adders
  3 oozes
  A worm (D:2)
  5 dart slugs
  A giant gecko (D:1)
  2 orcs (D:3)
  2 ball pythons (D:2)
  4 giant cockroaches
  6 goblins
  8 hobgoblins
  4 jackals (D:2)
  6 kobolds
  2 quokkas (D:2)
  10 bats
  8 giant newts
  7 rats
74 creatures vanquished.

Notes
Turn   | Place    | Note
--------------------------------------------------------------
     0 | D:1      | Kzard the Minotaur Berserker began the quest for the Orb.
     0 | D:1      | Reached XP level 1. HP: 19/19 MP: 0/0
   214 | D:1      | Reached skill level 4 in Fighting
   420 | D:1      | Reached XP level 2. HP: 23/27 MP: 1/1
  1416 | D:2      | Reached XP level 3. HP: 34/34 MP: 2/2
  1546 | D:2      | Reached skill level 5 in Fighting
  2001 | D:2      | Found a sparkling altar of Nemelex Xobeh.
  2014 | D:2      | Found an opulent altar of Gozag.
  2062 | D:2      | Reached ** piety under Trog
  2216 | D:2      | Reached XP level 4. HP: 42/42 MP: 3/3
  2828 | D:3      | Found a radiant altar of Vehumet.
  2873 | D:3      | Reached skill level 6 in Fighting
  3047 | D:3      | Found a bloodstained altar of Trog.
  3140 | D:3      | Found a snail-covered altar of Cheibriados.
  3240 | D:3      | Noticed Grinder
  3243 | D:3      | Reached XP level 5. HP: 51/51 MP: 4/4
  3254 | D:3      | Slain by Grinder

Skill      XL: |  1  2  3  4  5 |
---------------+----------------+-----
Fighting       | 4 5 6 |  6.5
Armour         | 3 4 |  4.0
Axes           | |  3.7
Dodging        | |  2.1

Action                   |  1- 3 |  4- 6 || total
-------------------------+-------+-------++-------
Melee: Hand axe          |    64 |    58 ||   122
       Headbutt          |    13 |    13 ||    26
Throw: Stone             |    64 |    29 ||    93
Invok: Berserk           |     1 |     2 ||     3
  Use: Scroll            |       |     1 ||     1
 Stab: Sleeping          |       |     1 ||     1
  Eat: Chunk             |     5 |     4 ||     9
Armor: Animal skin       |    30 |     5 ||    35
Dodge: Dodged            |    78 |    39 ||   117
